 Dungeon Crawl Stone Soup version 0.30-a0-141-g30f27751c5 (webtiles) character file.

Game seed: 14359068275578911321

388 qw the Chopper (level 6, -2/38 HPs)
             Began as a Gargoyle Fighter on Sept 25, 2022.
             Slain by Prince Ribbit (7 damage)
             ... on level 5 of the Dungeon.
             The game lasted 00:01:23 (4661 turns).

qw the Chopper (Gargoyle Fighter)                   Turns: 4661, Time: 00:01:24

Health: -2/38      AC: 11    Str: 20    XL:     6   Next: 79%
Magic:  6/6        EV:  9    Int:  8    God:
Gold:   269        SH:  8    Dex:  9    Spells: 5/5 levels left

rFire   . . .      SeeInvis .    Y - +1 war axe
rCold   . . .      Faith    .    c - +0 buckler
rNeg    + . .      Spirit   .    b - +0 scale mail
rPois   inf        Reflect  .    (no helmet)
rElec   +          Harm     .    (no cloak)
rCorr   .          Rampage  .    (no gloves)
Will    .....                    (no boots)
Stlth   ..........               (no amulet)
HPRegen 0.12/turn                (no ring)
MPRegen 0.10/turn                (no ring)

@: about to teleport, flying
A: sickness immunity, AC +4, negative energy resistance 1, electricity
resistance, torment resistance 1, petrification resistance, big wings, hooves 1,
large bone plates 1, weak 1
a: no special abilities


You were on level 5 of the Dungeon.
You visited 1 branch of the dungeon, and saw 5 of its levels.

You collected 293 gold pieces.
You spent 24 gold pieces at shops.


Innate Abilities, Weirdness & Mutations

You are immune to sickness and miasma.
Your stone body is resilient. (AC +4)
You are immune to poison.
You resist negative energy. (rN+)
You are resistant to electric shocks. (rElec)
You are resistant to unholy torment.
You are immune to petrification.
Your large and strong wings let you fly.
You have large cloven feet.
You are partially covered in large bone plates. (SH +4)
You are weak. (Str -2)


   Skills:
 - Level 4.1 Fighting
 + Level 5.8 Axes
 - Level 3.2 Armour
 - Level 1.1 Dodging
 - Level 3.2 Shields


You had 5 spell levels left.
You didn't know any spells.
Your spell library was empty.

Inventory:

Hand Weapons
 j - a +0 morningstar
 Y - a +1 war axe (weapon)
Missiles
 m - 3 boomerangs (quivered)
Armour
 b - a +0 scale mail (worn)
 c - a +0 buckler (worn)
Jewellery
 l - a +4 ring of evasion
Scrolls
 e - a scroll of teleportation
 i - 3 scrolls of identify
Potions
 a - a potion of attraction {unknown}
 d - 3 potions of might
 f - a potion of mutation
 g - 3 potions of haste
 h - a potion of heal wounds
 k - 3 potions of curing

Dungeon Overview and Level Annotations

Branches:
Dungeon (5/15)
 Temple: D:4-7

Altars:
Hepliaklqana
Sif Muna
Vehumet
Wu Jian

Shops:
D:2 *

Annotations:
D:4 2 transporters, qw's ghost, amateur GrFi
D:5 Prince Ribbit


Message History

Found an escape hatch in the floor.
You see here an Inescapable Atlas.
A hound comes into view.
Found an escape hatch in the ceiling.
The hound barks!
You closely miss the hound. The hound bites you. The hound barely misses you.
You completely miss the hound. The hound bites you but does no damage.
The hound barely misses you.
You hit the hound. Your kick misses the hound.
The hound is heavily wounded.
The hound bites you but does no damage. x2
You slash the hound!
You kill the hound!
You start resting.
HP restored.
You see here a hound corpse.
Found a stone staircase leading up.
Enter note:
Enter note:
Enter note:
There is a stone staircase leading up here.
Prince Ribbit comes into view.
Prince Ribbit croaks.
Enter note: You block Prince Ribbit's attack.
You slash Prince Ribbit!
Prince Ribbit is moderately wounded.
Prince Ribbit hits you but does no damage. x2
You miss Prince Ribbit.
Prince Ribbit is moderately wounded.
Prince Ribbit hits you!
You miss Prince Ribbit. You kick Prince Ribbit.
Prince Ribbit is moderately wounded.
Prince Ribbit hits you! x2
4661 ||| READING 2 scrolls of teleportation.
As you read the scroll of teleportation, it crumbles to dust.
You feel strangely unstable. Prince Ribbit hits you!
You die...

.# .#
....###...#..<.#.........
.#
..............#......###
...
.....................##.
##.
.....................##.
..
.....................##.
..
##.........##........###
...........##......####.
#..#.##.#####......# #. #
#@# ####...# #. ......F.#
#...# ## #.####### #...#
#...# #####


You could see Prince Ribbit.

Vanquished Creatures
  A necrophage (D:5)
  A scorpion (D:5)
  2 hounds
  An orc priest (D:4)
  Terence (D:2)
  An orc wizard (D:3)
  3 adders
  A white imp (D:3)
  4 dart slugs
  13 orcs
  10 endoplasms
  A giant cockroach (D:1)
  5 goblins
  5 hobgoblins
  3 jackals (D:2)
  3 quokkas
  5 ball pythons
  2 bats
  A frilled lizard (D:2)
  8 kobolds
  3 rats
74 creatures vanquished.

Vanquished Creatures (others)
  3 fungi (D:3)
  A plant (D:3)
4 creatures vanquished.

Grand Total: 78 creatures vanquished

Notes
Turn   | Place    | Note
-------+----------+-------------------------------------------
     0 | D:1      | qw the Gargoyle Fighter began the quest for the Orb.
     0 | D:1      | Reached XP level 1. HP: 14/14 MP: 1/1
     0 | D:1      | 0 ||| qw: Version: 0.2-a-10-g399e6c4
     0 | D:1      | 0 ||| qw: Game counter: 128
     0 | D:1      | 0 ||| qw: Always use a shield: true
     0 | D:1      | 0 ||| qw: God list: Okawaru
     0 | D:1      | 0 ||| qw: Allow faded altars: false
     0 | D:1      | 0 ||| qw: Do Orc after D:15 true
     0 | D:1      | 0 ||| qw: Do second Lair branch before Depths: true
     0 | D:1      | 0 ||| qw: Lair rune preference: random
     0 | D:1      | 0 ||| qw: Plans: Normal, Zot:1-4, God:TSO, Crypt, Tomb,
                  | Pan, Slime:5, Hells, Abyss, Orb
     0 | D:1      | 0 ||| PLANNING D:1-11
    56 | D:1      | Reached skill level 2 in Axes
   357 | D:1      | Reached XP level 2. HP: 19/19 MP: 2/2
   746 | D:1      | 746 ||| READING scroll labelled NOTECZ RUTAS.
   747 | D:1      | 747 ||| READING 3 scrolls labelled OBEYFAUGEA.
   748 | D:1      | 748 ||| READING scroll labelled PANGEPHEHIO.
   749 | D:1      | 749 ||| READING scroll labelled QIFFEO SELYOR.
   750 | D:1      | 750 ||| DRINKING 3 fizzy inky potions.
   750 | D:1      | Gained mutation: You are frail. (-10% HP) [potion of
                  | mutation]
   750 | D:1      | Gained mutation: Your flesh is cold resistant. (rC+)
                  | [potion of mutation]
   751 | D:1      | 751 ||| DRINKING 2 potions of mutation.
   751 | D:1      | Lost mutation: Your flesh is cold resistant. (rC+) [potion
                  | of mutation]
   751 | D:1      | Lost mutation: You are frail. (-10% HP) [potion of
                  | mutation]
   751 | D:1      | Gained mutation: You are weak. (Str -2) [potion of
                  | mutation]
   751 | D:1      | Gained mutation: Your large and strong wings let you fly.
                  | [potion of mutation]
   751 | D:1      | Gained mutation: You are partially covered in large bone
                  | plates. (SH +4) [potion of mutation]
   751 | D:1      | Gained mutation: You have large cloven feet. [potion of
                  | mutation]
   776 | D:1      | 776 ||| READING 2 scrolls of identify.
   776 | D:1      | 776 ||| IDENTIFYING blue potion
   884 | D:2      | 884 ||| Stepping ~*~*~tactically~*~*~ (stealth).
   981 | D:2      | 981 ||| Stepping ~*~*~tactically~*~*~ (stealth).
   982 | D:2      | 982 ||| Stepping ~*~*~tactically~*~*~ (stealth).
   987 | D:2      | 987 ||| DROPPING +0 club.
  1011 | D:2      | Reached skill level 3 in Axes
  1036 | D:2      | Reached XP level 3. HP: 23/23 MP: 3/3
  1037 | D:2      | Noticed Terence
  1046 | D:2      | HP: 4/23 [Terence/+0 morningstar (4)]
  1048 | D:2      | Killed Terence
  1057 | D:2      | HP: 3/23 [adder (2)]
  1060 | D:2      | Reached XP level 4. HP: 3/28 MP: 4/4
  1304 | D:2      | 1304 ||| Stepping ~*~*~tactically~*~*~ (stealth).
  1306 | D:2      | 1306 ||| Stepping ~*~*~tactically~*~*~ (stealth).
  1307 | D:2      | 1307 ||| Stepping ~*~*~tactically~*~*~ (stealth).
  1330 | D:2      | 1330 ||| DROPPING +0 whip.
  1353 | D:2      | Found Noturaw's Assorted Antiques.
  1360 | D:2      | 1360 ||| SHOPLISTING bone ring (120 gold, have 104).
  1360 | D:2      | 1360 ||| SHOPLISTING chain mail (108 gold, have 104).
  1360 | D:2      | 1360 ||| SHOPLISTING runed ring mail (168 gold, have 104).
  1360 | D:2      | 1360 ||| BUYING scroll labelled IGRUOVURURR (24 gold).
  1360 | D:2      | Bought a scroll labelled IGRUOVURURR for 24 gold pieces
  1412 | D:2      | Reached skill level 4 in Axes
  1699 | D:2      | 1699 ||| Stepping ~*~*~tactically~*~*~ (hiding).
  2422 | D:2      | 2422 ||| DROPPING orb of guile.
  2423 | D:2      | 2423 ||| READING scroll labelled IGRUOVURURR.
  2424 | D:2      | 2424 ||| READING scroll labelled ZAOCAM YFOPS.
  2429 | D:2      | 2429 ||| READING scroll labelled VISMOM GUADUI.
  2516 | D:3      | 2516 ||| FLEEEEING.
  2517 | D:3      | 2517 ||| FLEEEEING.
  2518 | D:3      | 2518 ||| FLEEEEING.
  2519 | D:3      | 2519 ||| FLEEEEING.
  2520 | D:3      | 2520 ||| FLEEEEING.
  2521 | D:3      | 2521 ||| FLEEEEING.
  2522 | D:3      | 2522 ||| FLEEEEING.
  2523 | D:3      | 2523 ||| FLEEEEING.
  2524 | D:3      | 2524 ||| STAIRDANCE
  2575 | D:3      | 2575 ||| Stepping ~*~*~tactically~*~*~ (stealth).
  2691 | D:3      | 2691 ||| Stepping ~*~*~tactically~*~*~ (hiding).
  2713 | D:3      | 2713 ||| Stepping ~*~*~tactically~*~*~ (hiding).
  2721 | D:3      | Reached XP level 5. HP: 28/32 MP: 5/5
  2905 | D:3      | 2905 ||| FLEEEEING.
  2906 | D:3      | 2906 ||| FLEEEEING.
  2907 | D:3      | 2907 ||| FLEEEEING.
  2908 | D:3      | 2908 ||| FLEEEEING.
  2909 | D:3      | 2909 ||| FLEEEEING.
  2914 | D:3      | 2914 ||| FLEEEEING.
  2915 | D:3      | 2915 ||| FLEEEEING.
  2916 | D:3      | 2916 ||| FLEEEEING.
  2923 | D:3      | 2923 ||| FLEEEEING.
  2924 | D:3      | 2924 ||| FLEEEEING.
  2925 | D:3      | 2925 ||| FLEEEEING.
  2926 | D:3      | 2926 ||| FLEEEEING.
  2927 | D:3      | 2927 ||| FLEEEEING.
  3004 | D:3      | Found a faded altar of an unknown god.
  3034 | D:3      | 3034 ||| Stepping ~*~*~tactically~*~*~ (hiding).
  3035 | D:3      | 3035 ||| Stepping ~*~*~tactically~*~*~ (hiding).
  3390 | D:3      | 3390 ||| DRINKING 3 fizzy green potions.
  3491 | D:3      | 3491 ||| DRINKING 2 fuming sapphire potions.
  3492 | D:3      | 3492 ||| READING 2 scrolls of identify.
  3492 | D:3      | 3492 ||| IDENTIFYING metallic red potion
  3493 | D:3      | 3493 ||| DROPPING 2 potions of ambrosia.
  3603 | D:4      | Found a shimmering blue altar of Sif Muna.
  3629 | D:4      | Found a hazy altar of Hepliaklqana.
  3667 | D:4      | Reached skill level 5 in Axes
  3875 | D:4      | Found a radiant altar of Vehumet.
  3875 | D:4      | Found an ornate altar of the Wu Jian Council.
  4005 | D:4      | 4005 ||| Stepping ~*~*~tactically~*~*~ (stealth).
  4111 | D:4      | Noticed qw's ghost (amateur GrFi)
  4112 | D:4      | Found a transporter.
  4158 | D:4      | Found a transporter.
  4301 | D:4      | Reached skill level 1 in Dodging
  4301 | D:4      | Reached XP level 6. HP: 38/38 MP: 6/6
  4366 | D:4      | 4366 ||| READING scroll labelled XYUPECKAUPN.
  4367 | D:4      | 4367 ||| DRINKING 2 glowing black potions.
  4368 | D:4      | 4368 ||| READING 4 scrolls of identify.
  4368 | D:4      | 4368 ||| IDENTIFYING sapphire potion
  4369 | D:4      | 4369 ||| READING 3 scrolls of identify.
  4369 | D:4      | 4369 ||| IDENTIFYING green potion
  4370 | D:4      | 4370 ||| DROPPING potion of degeneration.
  4371 | D:4      | 4371 ||| DROPPING potion of berserk rage.
  4372 | D:4      | 4372 ||| DROPPING potion of flight.
  4403 | D:5      | Entered Level 5 of the Dungeon
  4656 | D:5      | Noticed Prince Ribbit
  4660 | D:5      | HP: 4/38 [Prince Ribbit (12)]
  4661 | D:5      | 4661 ||| READING 2 scrolls of teleportation.
  4661 | D:5      | Slain by Prince Ribbit

Levels and vault maps discovered:
D:1:      dpeg_arrival_windows_large_door, layout_basic
D:2:      layout_basic, serial_shops, nicolae_shop_overgrown_old_shop,
          uniq_terence
D:3:      layout_basic, shapermc_ecumenical_altar_rom_forum
D:4:      layout_gridville, gammafunk_temple_overflow_pools,
          mainiacjoe_overflow_two_lobes, gammafunk_ghost_arena
D:5:      layout_basic, mainiacjoe_overflow_six_doors_small,
          chequers_serial_rivers_room_b, minmay_misc_feat_square,
          uniq_prince_ribbit1

Skill      XL: |  1  2  3  4  5 |
---------------+----------------+-----
Axes           | 2 3 4 5 |  5.8
Fighting       | 4 |  4.1
Dodging        | 1 |  1.1
Armour         | |  3.2
Shields        | |  3.2

Action                   |  1- 3 |  4- 6 || total
-------------------------+-------+-------++-------
Melee: War axe           |    60 |   128 ||   188
       Kick              |     6 |    24 ||    30
Throw: Boomerang         |       |    16 ||    16
  Use: Scroll            |     5 |     8 ||    13
       Potion            |     2 |     3 ||     5
Armor: Scale mail        |    22 |    44 ||    66
Dodge: Dodged            |    17 |    37 ||    54
Block: Buckler           |    12 |    54 ||    66

Table legend:
 A = Non-vault XP
 B = Vault XP
 C = Vault XP percentage of total XP
 D = Non-vault monster count
 E = Vault monster count
 F = Vault count percentage of total count
                 A         B        C        D         E       F
            +---------+---------+-------+---------+---------+-------
      Total |     519 |      36 |   6.5 |      73 |       1 |   1.4
            +---------+---------+-------+---------+---------+-------
        D:1 |      18 |       0 |   0.0 |      11 |       0 |   0.0
        D:2 |      59 |      36 |  37.9 |      19 |       1 |   5.0
        D:3 |     110 |       0 |   0.0 |      29 |       0 |   0.0
        D:4 |     120 |       0 |   0.0 |      11 |       0 |   0.0
        D:5 |     212 |       0 |   0.0 |       3 |       0 |   0.0
            +---------+---------+-------+---------+---------+-------
